 Dungeon Crawl Stone Soup version 0.15.0-27-gbdb0435 (console) character file.

316 gw the Ruffian (level 6, -2/61 HPs)
             Began as a Troll Monk on Sept 10, 2014.
             Slain by an ogre
             ... wielding a +0 giant club
              (30 damage)
             ... on Level 3 of the Dungeon.
             The game lasted 00:02:03 (2359 turns).

gw the Ruffian (Troll Monk)                         Turns: 2359, Time: 00:02:03

HP  -2/61        AC  5     Str 20      XL: 6   Next: 20%
MP   3/3         EV 11     Int  6      God:
Gold 0           SH  0     Dex 14      Spells:  0 memorised,  5 levels left

rFire  . . .     SeeInvis .       - Unarmed
rCold  . . .     Clarity  .     a - +0 robe
rNeg   . . .     rCorr    .     (shield restricted)
rPois  .         rRot     .     (helmet restricted)
rElec  .         Spirit   .     (no cloak)
SustAb .         Warding  .     (gloves unavailable)
rMut   .         Stasis   .     (boots unavailable)
Gourm  +                        (no amulet)
MR     .....                    (no ring)
                                (no ring)

@: very slightly contaminated, hasted, very quick, not resistant to hostile
enchantments, unstealthy
A: unfitting armour, claws 3, fast metabolism 3, gourmand, regeneration 2,
saprovore 2, shaggy fur 1, tough skin 2
a: no special abilities


You were on level 3 of the Dungeon.
You were completely stuffed.

You visited 1 branch of the dungeon, and saw 3 of its levels.

Inventory:

Missiles
 e - 95 stones (quivered)
Armour
 a - a +0 robe (worn)
Comestibles
 b - 4 meat rations
 g - 2 bread rations
 k - a fruit
 m - a beef jerky
Scrolls
 c - 3 scrolls of teleportation
 d - a scroll of fear
 j - a scroll of identify


   Skills:
 + Level 3.3 Fighting
 + Level 2.2 Throwing
 + Level 3.2 Dodging
 - Level 1.1 Stealth
 * Level 5.8 Unarmed Combat


You had 5 spell levels left.
You didn't know any spells.

Dungeon Overview and Level Annotations

Branches:
Dungeon (3/15)

Altars:


Innate Abilities, Weirdness & Mutations

You are too large for most types of armour.
You have claws for hands.
Your metabolism is lightning-fast.
You like to eat raw meat.
You heal very quickly.
You can eat rotten meat.
You are covered in fur (AC +1).
You have very tough skin (AC +2).


Message History

You hear some strange, mumbled words.
The puff of flame hits you! The orc priest hits you with a dagger.
Drink which item? (? for menu, Esc to quit)
You feel yourself speed up. Something hits you.
The orc priest invokes the aid of Beogh against you.
Pain shoots through your body!
You are very lightly contaminated with residual magic.
ATTACK MOVE TO (1,-1)
You claw the orc priest!
You kill the orc priest!
MOVING TO (0,-7)
You miss something.
You hear some strange, mumbled words.
The magic dart hits you!
MOVING TO (0,-6)
You closely miss something.
MOVING TO (0,-5)
You miss something. Something hits you but does no damage.
The ogre hits you with a giant club!!
You die...

#.# #.# ### #.# #
..# #.#.# #.# #(#.#
##.. #.#.# ...
#...####. #..
#.O......# #.. #T#
#.. #.# #..
#.#.###############.
#..................
#...........#######
#.#########.#######
#.# #.[...... ..#
######### ###


You could see an ogre.

Table legend:
 A = Turns spent in this place as a percentage of turns spent in the entire game.
 B = Non-inter-level travel turns spent in this place as a percentage of non-inter-level travel turns spent in the entire game.
 C = Inter-level travel turns spent in this place as a percentage of turns spent in this place.
 D = Turns resting spent in this place as a percentage of non-inter-level travel turns spent in this place.
 E = Turns spent auto-exploring this place as a percentage of non-inter-level travel turns spent in this place.
 F = Non-inter-level travel turns spent in this place divided by the number of levels of this place that you've seen.
                   A       B       C       D       E      F
               +-------+-------+-------+-------+-------+----------------------
         Total | 100.0 | 100.0 |   3.8 |   2.1 |   9.6 | 373.3
       Dungeon | 100.0 | 100.0 |   3.8 |   2.1 |   9.6 | 373.3
               +-------+-------+-------+-------+-------+----------------------

Table legend:
 A = Kills in this place as a percentage of kills in entire the game.
 B = Kills by you in this place as a percentage of kills by you in the entire game.
 C = Kills by friends in this place as a percentage of kills by friends in the entire game.
 D = Other kills in this place as a percentage of other kills in the entire game.
 E = Experience gained in this place as a percentage of experience gained in the entire game.
 F = Experience gained in this place divided by the number of levels of this place that you have seen.
                   A       B       C       D       E      F
               +-------+-------+-------+-------+-------+----------------------
         Total | 100.0 | 100.0 |  -nan |  -nan | 100.0 | 150.7
       Dungeon | 100.0 | 100.0 |  -nan |  -nan | 100.0 | 150.7
               +-------+-------+-------+-------+-------+----------------------

Vanquished Creatures
  4 vampire bats (D:3)
  An orc priest (D:3)
  Ijyb (D:3)
  A gnoll (D:1)
  3 adders (D:2)
  3 giant geckos
  7 orcs (D:3)
  A ball python (D:3)
  17 bats
  7 goblins
  8 hobgoblins
  3 jackals (D:3)
  6 kobolds
  3 giant cockroaches
  A giant newt (D:2)
  6 rats
72 creatures vanquished.

Notes
Turn   | Place    | Note
--------------------------------------------------------------
     0 | D:1      | gw, the Troll Monk, began the quest for the Orb.
     0 | D:1      | Reached XP level 1. HP: 22/22 MP: 1/1
   114 | D:1      | Reached XP level 2. HP: 21/29 MP: 1/1
   294 | D:1      | Reached skill level 1 in Throwing
   460 | D:1      | Reached XP level 3. HP: 36/36 MP: 2/2
  1317 | D:2      | Reached XP level 4. HP: 44/44 MP: 2/2
  1883 | D:3      | Reached skill level 5 in Unarmed Combat
  1886 | D:3      | Reached XP level 5. HP: 45/53 MP: 2/2
  2276 | D:3      | Noticed Ijyb
  2297 | D:3      | Killed Ijyb
  2297 | D:3      | Reached XP level 6. HP: 61/61 MP: 3/3
  2348 | D:3      | Noticed an ogre
  2359 | D:3      | Slain by an ogre

Action                   |  1- 3 |  4- 6 || total
-------------------------+-------+-------++-------
Melee: Unarmed           |    66 |   110 ||   176
Throw: Stone             |    74 |    77 ||   151
  Use: Scroll            |     5 |     3 ||     8
       Potion            |     2 |     3 ||     5
  Eat: Chunk             |    14 |    13 ||    27

Vault maps used:
D:1:      nagdon_arrival_zigzag_paths
D:3:      first_bread, roderic_batcave, uniq_iyjb
